 Dungeon Crawl Stone Soup version 0.25-a0-413-g3b4b6a4ccc (webtiles) character file.

Game seed: 14804615127040184146, levelgen mode: deterministic

1301 Borgoz the Skirmisher (level 8, -1/51 HPs)
             Began as a Gargoyle Berserker on Jan 15, 2020.
             Was a Priest of Trog.
             Slain by a wyvern (9 damage)
             ... on level 6 of the Dungeon.
             The game lasted 00:06:39 (5123 turns).

Borgoz the Skirmisher (Gargoyle Berserker)          Turns: 5123, Time: 00:06:40

Health: -1/51      AC: 13    Str: 24    XL:     8   Next: 57%
Magic:  8/8        EV: 15    Int:  7    God:    Trog [***...]
Gold:   286        SH:  4    Dex:  9    Spells: 7/7 levels left

rFire    . . .     SeeInvis .   v - +0 flail (holy)
rCold    . . .     Gourm    +   f - +0 buckler
rNeg     + . .     Faith    .   k - +0 scale mail
rPois    ∞         Spirit   .   (no helmet)
rElec    +         Reflect  .   (no cloak)
rCorr    +         Harm     .   (no gloves)
MR       ++...                  (no boots)
Stlth    ..........             t - amulet of the gourmand
HPRegen  1.17/turn              n - +4 ring of evasion
MPRegen  0.11/turn              a - ring of resist corrosion

@: regenerating
A: negative energy resistance 1, electricity resistance, unbreathing,
petrification resistance, rot immunity, AC +5
a: Berserk, Trog's Hand, Renounce Religion


You were on level 6 of the Dungeon.
You worshipped Trog.
Trog was most pleased with you.
You were very full.

You visited 1 branch of the dungeon, and saw 6 of its levels.

You collected 286 gold pieces.

Inventory:

Hand Weapons
 q - a cursed +0 dire flail
 v - a +0 flail of holy wrath (weapon)
Missiles
 w - a throwing net (quivered)
Armour
 f - a +0 buckler (worn)
 k - a +0 scale mail (worn)
Jewellery
 a - a ring of resist corrosion (right hand)
 n - a +4 ring of evasion (left hand)
 t - an amulet of the gourmand (around neck)
Scrolls
 b - 4 scrolls of fear {unknown}
 d - 3 scrolls of amnesia {unknown}
 e - 2 scrolls of remove curse
 h - 3 scrolls of blinking {unknown}
 m - a scroll of fog {unknown}
 o - a scroll of random uselessness {unknown}
 x - a scroll of enchant weapon {unknown}
 A - a scroll of enchant armour {unknown}
Potions
 g - a potion of lignification {unknown}
 i - 5 potions of curing
 j - a potion of cancellation {unknown}
 p - a potion of flight {unknown}
 s - a potion of berserk rage
 u - 2 potions of heal wounds
 z - a potion of haste
Comestibles
 c - 12 rations


   Skills:
 + Level 5.9 Fighting
 + Level 5.4 Maces & Flails
 + Level 5.4 Armour
 + Level 4.0 Dodging
 + Level 4.5 Shields


You had 7 spell levels left.
You didn't know any spells.
Your spell library was empty.

Dungeon Overview and Level Annotations

Branches:
Dungeon (6/15)
 Temple: D:4-7

Altars:
Ashenzari
Cheibriados
Dithmenos
Gozag
Ru
Trog


Innate Abilities, Weirdness & Mutations

You are resistant to torment.
Your stone body is resilient. (AC +5)
You are immune to poison.
You resist negative energy. (rN+)
You are resistant to electric shocks. (rElec)
You can survive without breathing.
You are immune to petrification.
You are immune to rotting.


Message History

The wyvern misses you.
You hit the wyvern but do no damage.
The wyvern is moderately wounded.
The wyvern barely misses you. The wyvern closely misses you.
You hit the wyvern but do no damage.
The wyvern is moderately wounded.
The wyvern bites you. The wyvern bites you!
* * * LOW HITPOINT WARNING * * *
You hit the wyvern but do no damage.
The wyvern is moderately wounded.
The wyvern barely misses you.
Your skin crawls.
You feel resistant to hostile enchantments.
The wyvern bites you!
* * * LOW HITPOINT WARNING * * *
The wyvern bites you but does no damage.
You thump the wyvern!
The wyvern is severely wounded.
The wyvern bites you!
You die...

#.###.# ## ....#.#
#####. ###.#.#
....#.####...#
####.._..##.###
#>...#.#....#
..#####.# #..#####
........#####.#
.......Zl@.##.#######
..########..........#
............#####.#
..#####.###.# #.# #.#
#.# #.# #.# #.# ###
#.# ...


You could see a wyvern and a leopard gecko zombie.

Vanquished Creatures
  Eustachio (D:5)
  Duvessa (D:4)
  An ice beast (D:5)
  A centaur (D:6)
  A bullfrog (D:6)
  Dowan (D:4)
  3 wights (D:6)
  A howler monkey (D:5)
  A crimson imp (D:5)
  3 hounds
  An orc wizard (D:3)
  3 orc priests (D:3)
  A bullfrog skeleton (D:5)
  An iguana (D:4)
  4 worker ants
  A worker ant zombie (D:6)
  A howler monkey skeleton (D:5)
  4 adders
  3 gnolls (D:3)
  2 shadow imps (D:5)
  4 worms
  2 dart slugs (D:1)
  4 leopard geckos
  19 orcs
  4 giant cockroaches
  4 hobgoblins (D:2)
  6 jackals (D:3)
  9 kobolds
  2 quokkas
  2 ball pythons
  5 bats
  5 frilled lizards
  7 goblins
  11 rats
119 creatures vanquished.

Notes
Turn   | Place    | Note
-------+----------+-------------------------------------------
     0 | D:1      | Borgoz the Gargoyle Berserker began the quest for the Orb.
     0 | D:1      | Reached XP level 1. HP: 14/14 MP: 1/1
   174 | D:1      | Reached XP level 2. HP: 19/19 MP: 2/2
   644 | D:2      | Reached XP level 3. HP: 19/23 MP: 3/3
   737 | D:2      | Reached skill level 1 in Shields
   927 | D:2      | Reached ** piety under Trog
   940 | D:2      | You fall into a shaft and drop 2 floors!
   955 | D:4      | Reached XP level 4. HP: 21/29 MP: 4/4
  1293 | D:4      | Reached XP level 5. HP: 30/33 MP: 5/5
  1404 | D:4      | Found a snail-covered altar of Cheibriados.
  1407 | D:4      | Noticed Dowan
  1408 | D:4      | Noticed Duvessa
  1422 | D:4      | Killed Duvessa
  1422 | D:4      | Reached XP level 6. HP: 26/39 MP: 6/6
  1464 | D:4      | Killed Dowan
  2278 | D:3      | Reached XP level 7. HP: 34/44 MP: 7/7
  2316 | D:3      | Found a bloodstained altar of Trog.
  2340 | D:3      | Found an opulent altar of Gozag.
  2444 | D:3      | Reached *** piety under Trog
  2617 | D:3      | Found a sacrificial altar of Ru.
  3746 | D:5      | Entered Level 5 of the Dungeon
  3771 | D:5      | Reached skill level 5 in Fighting
  3809 | D:5      | Noticed Eustachio
  3861 | D:5      | Killed Eustachio
  4256 | D:5      | Found a shadowy altar of Dithmenos.
  4400 | D:5      | Reached XP level 8. HP: 50/50 MP: 8/8
  4438 | D:5      | Reached skill level 5 in Maces & Flails
  4438 | D:5      | Reached skill level 5 in Armour
  5092 | D:6      | Found a shattered altar of Ashenzari.
  5108 | D:6      | Noticed a wyvern
  5123 | D:6      | Slain by a wyvern

Levels and vault maps discovered:
D:1:      lightli_arrival_quake, layout_rooms, chequers_serial_rivers_micro_d,
          chequers_arboretum
D:2:      layout_basic, minmay_heptomino_d4
D:3:      layout_rooms, nicolae_ru_the_path_less_chosen, lightli_temple_of_fire,
          nicolae_gozag_seed_capital
D:4:      minmay_evil_eye, layout_basic, cheibriados_altar_1, first_ration,
          minmay_misc_feat_room, hangedman_feature_mirror,
          kennysheep_generic_room_7, uniq_duvessa
D:5:      layout_loops_corners, nicolae_dithmenos_through_a_glass_darkly,
          uniq_eustachio
D:6:      layout_loops_ring, ashenzari_altar_1, hangedman_decor_diamond_cutter

Skill      XL: |  1  2  3  4  5  6  7  8 |
---------------+-------------------------+-----
Shields        | 1 2 3 4 |  4.5
Dodging        | 2 3 4 |  4.0
Armour         | 3 4 5 |  5.4
Fighting       | 4 5 |  5.9
Maces & Flails | 4 5 |  5.4

Action                   |  1- 3 |  4- 6 |  7- 9 || total
-------------------------+-------+-------+-------++-------
Melee: Mace              |   114 |   140 |       ||   254
       Flail             |       |    13 |   239 ||   252
Invok: Berserk           |       |     3 |     1 ||     4
       Trog's Hand       |       |     1 |     1 ||     2
  Use: Scroll            |       |       |     6 ||     6
  Eat: Chunk             |       |     8 |    29 ||    37
Armor: Animal skin       |     8 |       |       ||     8
       Scale mail        |    40 |    69 |   127 ||   236
Dodge: Dodged            |    70 |   145 |   317 ||   532
Block: Buckler           |    10 |    26 |    65 ||   101

Table legend:
 A = Non-vault XP
 B = Vault XP
 C = Vault XP percentage of total XP
 D = Non-vault monster count
 E = Vault monster count
 F = Vault count percentage of total count
                 A         B        C        D         E       F
            +---------+---------+-------+---------+---------+-------
      Total |    1389 |     470 |  25.3 |     111 |       8 |   6.7
            +---------+---------+-------+---------+---------+-------
        D:1 |      25 |       0 |   0.0 |      13 |       0 |   0.0
        D:2 |      42 |       9 |  17.6 |      18 |       4 |  18.2
        D:3 |     315 |       0 |   0.0 |      45 |       0 |   0.0
        D:4 |     173 |     264 |  60.4 |      11 |       3 |  21.4
        D:5 |     408 |     197 |  32.6 |      17 |       1 |   5.6
        D:6 |     426 |       0 |   0.0 |       7 |       0 |   0.0
            +---------+---------+-------+---------+---------+-------
